NYP
CHICAGO (NYP) WHITE SOX @ ABERDEEN IRONBIRDS
07/27/2045
 
TOP OF THE 1ST
Chicago (NYP) White Sox batting - Pitching for Aberdeen Ironbirds : LHP Luis Perez
Pitching: LHP Luis Perez
Batting: RHB Vic Lucatero 0-0: Swinging Strike
0-1: Ball
1-1: SINGLE (Flyball, 56D, EV 81.2 MPH)
Batting: RHB Josiah Wright 0-0: Fielders Choice at 2nd, 3-6 (Groundball, 34S, EV 83.1 MPH)
Batting: LHB Matt Hyde 0-0: Called Strike
0-1: Called Strike
Josiah Wright steals 2nd base
0-2: Foul Ball, location: 2F
0-2: Ball
1-2: Fly out, F7 (Flyball, 78M, EV 79.4 MPH)
Batting: RHB Yorkis Saiki 0-0: Ground out 4-3 (Groundball, 4, EV 85.0 MPH)
Top of the 1st over - 0 runs, 1 hit, 0 errors, 1 left on base; Chicago (NYP) 0 - Aberdeen 0
BOTTOM OF THE 1ST
Aberdeen Ironbirds batting - Pitching for Chicago (NYP) White Sox : RHP Jay Cowgill
Pitching: RHP Jay Cowgill
Batting: LHB Bill Ostlund 0-0: Ball
1-0: Ball
2-0: Ball
3-0: Base on Balls
Batting: RHB Fernando Bravo 0-0: Called Strike
0-1: Ball
1-1: Foul Ball, location: 2F
1-2: Foul Ball, location: 2F
1-2: Ball
2-2: Foul Ball, location: 2F
2-2: Ball
3-2: Strikes out swinging
Batting: LHB Tim Mulholland 0-0: Called Strike
0-1: Ball
1-1: Called Strike
1-2: Ball
2-2: SINGLE (Groundball, 15S, EV 66.9 MPH) (infield hit)
Bill Ostlund to second
Batting: LHB Antonio Cantu 0-0: Ball
1-0: Called Strike
1-1: Foul Ball, location: 2F
1-2: Foul Ball, location: 2F
1-2: Grounds into double play, 3-6-3 (Groundball, 3, EV 101.2 MPH)
Bottom of the 1st over - 0 runs, 1 hit, 0 errors, 1 left on base; Chicago (NYP) 0 - Aberdeen 0
TOP OF THE 2ND
Chicago (NYP) White Sox batting - Pitching for Aberdeen Ironbirds : LHP Luis Perez
Batting: LHB Ryan Dyal 0-0: Ball
1-0: Called Strike
1-1: Foul Ball, location: 2F
1-2: Foul Ball, location: 2F
1-2: Ball
2-2: Ball
3-2: Ground out 4-3 (Groundball, 4, EV 108.1 MPH)
Batting: RHB Victor Orozco 0-0: Ball
1-0: Called Strike
1-1: Ball
2-1: Foul Ball, location: 2F
2-2: Foul Ball, location: 2F
2-2: Ground out 5-3 (Groundball, 56S, EV 65.6 MPH)
Batting: LHB Larry Myers 0-0: Called Strike
0-1: Ground out 6-3 (Groundball, 4MD, EV 101.9 MPH)
Top of the 2nd over - 0 runs, 0 hits, 0 errors, 0 left on base; Chicago (NYP) 0 - Aberdeen 0
BOTTOM OF THE 2ND
Aberdeen Ironbirds batting - Pitching for Chicago (NYP) White Sox : RHP Jay Cowgill
Batting: RHB Lee Deason 0-0: Ball
1-0: Foul Ball, location: 2F
1-1: Ball
2-1: Called Strike
2-2: Strikes out swinging
Batting: RHB Scott Boyd 0-0: Called Strike
0-1: Ball
1-1: Ground out 1-3 (Groundball, P, EV 68.1 MPH)
Batting: LHB Rodolfo Montes 0-0: Ground out 4-3 (Groundball, 4M, EV 91.9 MPH)
Bottom of the 2nd over - 0 runs, 0 hits, 0 errors, 0 left on base; Chicago (NYP) 0 - Aberdeen 0
TOP OF THE 3RD
Chicago (NYP) White Sox batting - Pitching for Aberdeen Ironbirds : LHP Luis Perez
Batting: LHB Carlos Ramirez 0-0: Called Strike
0-1: Swinging Strike
0-2: Strikes out looking
Batting: LHB Adam Tarbutton 0-0: Ball
1-0: Foul Ball, location: 2F
1-1: Called Strike
1-2: Ball
2-2: SINGLE (Line Drive, 4MD, EV 111.9 MPH)
Batting: RHB Vic Lucatero 0-0: Called Strike
0-1: Foul Ball, location: 2F
0-2: SINGLE (Groundball, 6M, EV 110.6 MPH) (infield hit)
Adam Tarbutton to second
Batting: RHB Josiah Wright 0-0: Ball
1-0: Ball
2-0: Swinging Strike
2-1: Foul Ball, location: 2F
2-2: Strikes out swinging
Batting: LHB Matt Hyde 0-0: Foul Ball, location: 2F
0-1: Ball
1-1: Foul Ball, location: 2F
1-2: Strikes out swinging
Top of the 3rd over - 0 runs, 2 hits, 0 errors, 2 left on base; Chicago (NYP) 0 - Aberdeen 0
BOTTOM OF THE 3RD
Aberdeen Ironbirds batting - Pitching for Chicago (NYP) White Sox : RHP Jay Cowgill
Batting: RHB Ryan Vest 0-0: Called Strike
0-1: Foul Ball, location: 2F
0-2: Ball
1-2: Ground out 5-3 (Groundball, 56, EV 88.1 MPH)
Batting: RHB Ioan Biros 0-0: Ball
1-0: Ball
2-0: Fly out, F7 (Flyball, 7LM, EV 90.6 MPH)
Batting: LHB Bill Ostlund 0-0: Ball
1-0: Ball
2-0: Called Strike
2-1: Ground out 3-1 (Groundball, 34S, EV 85.6 MPH)
Bottom of the 3rd over - 0 runs, 0 hits, 0 errors, 0 left on base; Chicago (NYP) 0 - Aberdeen 0
TOP OF THE 4TH
Chicago (NYP) White Sox batting - Pitching for Aberdeen Ironbirds : LHP Luis Perez
Batting: RHB Yorkis Saiki 0-0: Ball
1-0: Ball
2-0: Ground out 6-3 (Groundball, 6, EV 83.1 MPH)
Batting: LHB Ryan Dyal 0-0: Called Strike
0-1: Ground out 4-3 (Groundball, 34D, EV 83.8 MPH)
Batting: RHB Victor Orozco 0-0: Called Strike
0-1: Fly out, F8 (Flyball, 89M, EV 90.0 MPH)
Top of the 4th over - 0 runs, 0 hits, 0 errors, 0 left on base; Chicago (NYP) 0 - Aberdeen 0
BOTTOM OF THE 4TH
Aberdeen Ironbirds batting - Pitching for Chicago (NYP) White Sox : RHP Jay Cowgill
Batting: RHB Fernando Bravo 0-0: Swinging Strike
0-1: Called Strike
0-2: Foul Ball, location: 2F
0-2: Strikes out looking
Batting: LHB Tim Mulholland 0-0: Called Strike
0-1: Ball
1-1: Ball
2-1: Ball
3-1: Base on Balls
Batting: LHB Antonio Cantu 0-0: Ball
1-0: Reached on error, E8 (Flyball, 8RXD, EV 108.8 MPH)
Tim Mulholland to third
Batting: RHB Lee Deason 0-0: Ball
1-0: Ball
2-0: Foul Ball, location: 2F
2-1: Ball
3-1: Swinging Strike
3-2: Strikes out swinging
Batting: RHB Scott Boyd 0-0: Called Strike
0-1: Swinging Strike
0-2: Ball
1-2: SINGLE (Groundball, P, EV 81.2 MPH) (infield hit)
Tim Mulholland scores
Antonio Cantu to third
Batting: LHB Rodolfo Montes 0-0: Called Strike
0-1: Ball
1-1: Ball
Wild Pitch!
Antonio Cantu scores
Scott Boyd to second
2-1: Ground out U3 (Groundball, 34D, EV 101.9 MPH)
Bottom of the 4th over - 2 runs, 1 hit, 1 error, 1 left on base; Chicago (NYP) 0 - Aberdeen 2
TOP OF THE 5TH
Chicago (NYP) White Sox batting - Pitching for Aberdeen Ironbirds : LHP Luis Perez
Batting: LHB Larry Myers 0-0: Ground out 1-3 (Groundball, 13S, EV 66.9 MPH)
Batting: LHB Carlos Ramirez 0-0: Ball
1-0: Called Strike
1-1: Called Strike
1-2: Ball
2-2: Strikes out looking
Batting: LHB Adam Tarbutton 0-0: Ball
1-0: Called Strike
1-1: Ball
2-1: Ball
3-1: Base on Balls
Batting: RHB Vic Lucatero 0-0: Ball
Adam Tarbutton is caught stealing 2nd base 2-4
Top of the 5th over - 0 runs, 0 hits, 0 errors, 0 left on base; Chicago (NYP) 0 - Aberdeen 2
BOTTOM OF THE 5TH
Aberdeen Ironbirds batting - Pitching for Chicago (NYP) White Sox : RHP Jay Cowgill
Batting: RHB Ryan Vest 0-0: Ball
1-0: Foul Ball, location: 2F
1-1: Ball
2-1: Foul Ball, location: 2F
2-2: SINGLE (Line Drive, 8RS, EV 103.1 MPH)
Batting: RHB Ioan Biros 0-0: Called Strike
0-1: Ball
1-1: Called Strike
1-2: Grounds into double play, 6-4-3 (Groundball, 6, EV 100.0 MPH)
Batting: LHB Bill Ostlund 0-0: Called Strike
0-1: Foul Ball, location: 2F
0-2: Ball
1-2: Foul Ball, location: 2F
1-2: Ball
2-2: Strikes out looking
Bottom of the 5th over - 0 runs, 1 hit, 0 errors, 0 left on base; Chicago (NYP) 0 - Aberdeen 2
TOP OF THE 6TH
Chicago (NYP) White Sox batting - Pitching for Aberdeen Ironbirds : LHP Luis Perez
Batting: RHB Vic Lucatero 0-0: Fly out, F3 (Line Drive, 3, EV 61.9 MPH)
Batting: RHB Josiah Wright 0-0: Called Strike
0-1: Ball
1-1: Foul Ball, location: 2F
1-2: Foul Ball, location: 2F
1-2: Foul Ball, location: 2F
1-2: Ground out U3 (Groundball, 34, EV 84.4 MPH)
Batting: LHB Matt Hyde 0-0: Ball
1-0: Ball
2-0: Swinging Strike
2-1: Ground out 2-3 (Groundball, 2L, EV 68.8 MPH)
Top of the 6th over - 0 runs, 0 hits, 0 errors, 0 left on base; Chicago (NYP) 0 - Aberdeen 2
BOTTOM OF THE 6TH
Aberdeen Ironbirds batting - Pitching for Chicago (NYP) White Sox : RHP Jay Cowgill
Batting: RHB Fernando Bravo 0-0: Ball
1-0: Ball
2-0: Ball
3-0: Base on Balls
Batting: LHB Tim Mulholland 0-0: Called Strike
0-1: Ball
1-1: Called Strike
1-2: Strikes out swinging
Pitching: LHP Jerry Woods
Batting: LHB Antonio Cantu 0-0: SINGLE (Groundball, 34D, EV 100.6 MPH)
Fernando Bravo to second
Runner from 2nd tries for 3rd, SAFE, throw by RF made to third
Batting: RHB Lee Deason 0-0: Ball
1-0: 3-RUN HOME RUN (Flyball, 7D, EV 98.1 MPH), Distance : 391 ft
Batting: RHB Scott Boyd 0-0: Called Strike
0-1: Ball
1-1: Ball
2-1: SINGLE (Groundball, 56S, EV 70.6 MPH) (infield hit)
Batting: LHB Rodolfo Montes 0-0: Ball
Wild Pitch!
Scott Boyd to second
1-0: Ground out 3-1 (Groundball, 34, EV 92.5 MPH)
Scott Boyd to third
Batting: RHB Ryan Vest 0-0: Called Strike
0-1: Ball
1-1: Ball
2-1: Ball
3-1: Foul Ball, location: 2F
3-2: Base on Balls
Batting: RHB Ioan Biros 0-0: Called Strike
0-1: Ball
1-1: DOUBLE (Line Drive, 9LD, EV 108.1 MPH)
Scott Boyd scores
Ryan Vest to third
Pitching: LHP Yasuaki Yamada
Batting: LHB Bill Ostlund 0-0: Called Strike
0-1: Ball
1-1: Foul Ball, location: 2F
1-2: Ball
2-2: Ball
3-2: Fly out, F7 (Flyball, 7LD, EV 100.6 MPH)
Bottom of the 6th over - 4 runs, 4 hits, 0 errors, 2 left on base; Chicago (NYP) 0 - Aberdeen 6
TOP OF THE 7TH
Chicago (NYP) White Sox batting - Pitching for Aberdeen Ironbirds : LHP Luis Perez
Pitching: RHP David Burrus
Batting: RHB Yorkis Saiki 0-0: Ball
1-0: Ball
2-0: Swinging Strike
2-1: Foul Ball, location: 2F
2-2: Strikes out swinging
Batting: LHB Ryan Dyal 0-0: Ball
1-0: Ball
2-0: Called Strike
2-1: Ball
3-1: Swinging Strike
3-2: SOLO HOME RUN (Flyball, 7D, EV 100.0 MPH), Distance : 388 ft
Batting: RHB Victor Orozco 0-0: SINGLE (Flyball, 3D, EV 92.5 MPH)
Batting: LHB Larry Myers 0-0: Called Strike
0-1: Ball
1-1: Ball
2-1: Ball
3-1: Base on Balls
Victor Orozco to second
Batting: LHB Carlos Ramirez 0-0: Ball
1-0: Foul Ball, location: 2F
1-1: Ball
2-1: 3-RUN HOME RUN (Flyball, 9LD, EV 93.8 MPH), Distance : 349 ft
Pitching: LHP Kyle Sheridan
Pinch Hitting: RHB Nick Richardson 0-0: Foul Ball, location: 2F
0-1: Called Strike
0-2: Ball
1-2: Strikes out swinging
Pitching: LHP Vinny Duarte
Batting: RHB Vic Lucatero 0-0: Called Strike
0-1: Ball
1-1: Foul Ball, location: 2F
1-2: Ball
2-2: Ball
3-2: Base on Balls
Batting: RHB Josiah Wright 0-0: Called Strike
0-1: Ball
1-1: Swinging Strike
1-2: Ball
Vic Lucatero steals 2nd base
2-2: Strikes out swinging
Top of the 7th over - 4 runs, 3 hits, 0 errors, 1 left on base; Chicago (NYP) 4 - Aberdeen 6
BOTTOM OF THE 7TH
Aberdeen Ironbirds batting - Pitching for Chicago (NYP) White Sox : LHP Yasuaki Yamada
Now in CF: Carsten Koers
Batting: RHB Fernando Bravo 0-0: Called Strike
0-1: Foul Ball, location: 2F
0-2: Strikes out looking
Batting: LHB Tim Mulholland 0-0: Ball
1-0: Ground out U3 (Groundball, 34, EV 110.6 MPH)
Batting: LHB Antonio Cantu 0-0: Ball
1-0: SINGLE (Groundball, 4M, EV 103.8 MPH) (infield hit)
Batting: RHB Lee Deason 0-0: Ball
1-0: Ground out U3 (Groundball, 3, EV 108.8 MPH)
Bottom of the 7th over - 0 runs, 1 hit, 0 errors, 1 left on base; Chicago (NYP) 4 - Aberdeen 6
TOP OF THE 8TH
Chicago (NYP) White Sox batting - Pitching for Aberdeen Ironbirds : LHP Vinny Duarte
Batting: LHB Matt Hyde 0-0: Called Strike
0-1: Ball
1-1: Ball
2-1: Ball
3-1: Base on Balls
Batting: RHB Yorkis Saiki 0-0: Ball
1-0: Ball
2-0: Foul Ball, location: 2F
2-1: Foul Ball, location: 2F
2-2: Ball
3-2: Grounds into double play, 6-4-3 (Groundball, 6, EV 111.2 MPH)
Pinch Hitting: RHB Mark Jones 0-0: Called Strike
0-1: Called Strike
0-2: Foul Ball, location: 2F
0-2: Ball
1-2: SINGLE (Groundball, 6MD, EV 98.8 MPH)
Batting: RHB Victor Orozco 0-0: Called Strike
0-1: Ball
1-1: Ball
Wild Pitch!
Mark Jones to second
2-1: Swinging Strike
2-2: Ground out 6-3 (Groundball, 6, EV 78.1 MPH)
Top of the 8th over - 0 runs, 1 hit, 0 errors, 1 left on base; Chicago (NYP) 4 - Aberdeen 6
BOTTOM OF THE 8TH
Aberdeen Ironbirds batting - Pitching for Chicago (NYP) White Sox : LHP Yasuaki Yamada
Now at SS: Mark Jones
Batting: RHB Scott Boyd 0-0: Ball
1-0: Called Strike
1-1: Called Strike
1-2: Foul Ball, location: 2F
1-2: Ball
2-2: Strikes out looking
Batting: LHB Rodolfo Montes 0-0: Fly out, F5 (Popup, 5L, EV 76.9 MPH)
Batting: RHB Ryan Vest 0-0: Called Strike
0-1: Swinging Strike
0-2: Ball
1-2: Foul Ball, location: 2F
1-2: Strikes out swinging
Bottom of the 8th over - 0 runs, 0 hits, 0 errors, 0 left on base; Chicago (NYP) 4 - Aberdeen 6
TOP OF THE 9TH
Chicago (NYP) White Sox batting - Pitching for Aberdeen Ironbirds : LHP Vinny Duarte
Pitching: RHP Chris Kimura
Batting: LHB Larry Myers 0-0: Ground out 6-3 (Groundball, 6M, EV 103.1 MPH)
Batting: LHB Carlos Ramirez 0-0: Ball
1-0: Called Strike
1-1: Called Strike
1-2: Ball
2-2: Ball
3-2: Foul Ball, location: 2F
3-2: Strikes out looking
Pinch Hitting: LHB Herkko Haavikko 0-0: Ball
1-0: Ball
2-0: Called Strike
2-1: Fly out, F8 (Flyball, 78M, EV 90.0 MPH)
Top of the 9th over - 0 runs, 0 hits, 0 errors, 0 left on base; Chicago (NYP) 4 - Aberdeen 6
Wednesday, June 22nd , 2022 - OOTP Baseball 23.4 Build 64